Map: 아크로폴리스 - 래더

Players

LiquidTaeJa (TaeJa) - Winner!

  • Race: Terran Terran
  • League: Master
  • Spawn Location: 5:00

TSGSolar (Solar)

  • Race: Zerg Zerg
  • League: Diamond
  • Spawn Location: 11:00

Event: HomeStory Cup XX

VOD

Have the link to the VOD?

Description

Time

  • Played on: Nov. 21, 2019, 8:03 a.m.
  • Length: 10:03

All games in this series

Show
View Real Time Build Order
Export as new Build Order

LiquidTaeJa Terran - Winner!

Build Orders:  

Get SALT Encoding   

  12  0:00  SCV  
  13  0:12  SCV  
  14  0:17  Supply Depot  
  14  0:25  SCV  
  15  0:39  Barracks  
  15  0:49  Barracks  
  15  0:53  SCV  
  16  1:05  SCV  
  16  1:06  Refinery  
  17  1:18  SCV  
  18  1:26  Marine  
  18  1:30  Orbital Command  
  19  1:37  Marine  
  20  1:44  Marine  
  20  1:45  Supply Depot  
  21  1:50  Bunker  
  21  1:58  SCV  
  21  2:00  Reaper  
  23  2:09  Reaper  
  23  2:11  SCV  
  23  2:12  Bunker  
  25  2:27  SCV  
  24  2:33  Reaper  
  22  2:41  Command Center  
  22  2:44  SCV  
  23  2:54  Supply Depot  
  23  2:56  SCV  
  24  3:04  Factory  
  24  3:09  SCV  
  25  3:22  SCV  
  25  3:25  Command Center  
  26  3:34  SCV  
  27  3:39  Refinery  
  27  3:46  SCV  
  27  3:47  Factory Reactor  
  28  3:53  Orbital Command  
  28  3:58  Starport  
  28  3:59  SCV  
  29  4:06  Barracks Tech Lab  
  29  4:08  Orbital Command  
  29  4:14  SCV  
  29  4:25  Hellion x2  
  29  4:27  SCV  
  33  4:39  Orbital Command  
  33  4:40  Viking  
  33  4:41  SCV x2  
  36  4:47  Hellion x2  
  36  4:48  Marine  
  36  4:49  Stimpack  
  41  4:53  SCV  
  41  4:54  SCV  
  43  5:06  Marine, SCV x3  
  47  5:15  Starport Reactor  
  47  5:17  Barracks  
  47  5:18  SCV x3  
  47  5:20  Factory Tech Lab, Barracks  
  50  5:24  Marine  
  51  5:29  Engineering Bay x2  
  51  5:30  SCV x2  
  51  5:33  Supply Depot, SCV  
  54  5:42  Marine, SCV  
  56  5:48  Siege Tank, SCV x2  
  53  5:51  Refinery x2  
  53  5:54  SCV  
  53  5:56  Terran Infantry Weapons Level 1  
  54  5:58  Starport Reactor  
  54  5:59  Marine  
  54  6:00  SCV  
  54  6:03  Terran Infantry Armor Level 1  
  56  6:06  Barracks, SCV  
  56  6:08  Marine x2  
  56  6:09  Barracks  
  59  6:13  Marine, SCV  
  59  6:14  Marine  
  59  6:17  Marine  
  64  6:18  SCV  
  64  6:21  Siege Tank  
  64  6:25  SCV  
  68  6:26  Marine x2, Orbital Command  
  68  6:31  Marine  
  71  6:34  Medivac  
  71  6:36  Marine x2  
  71  6:37  SCV x2  
  71  6:38  Supply Depot x2  
  77  6:44  Supply Depot  
  77  6:46  Supply Depot  
  77  6:55  Barracks Reactor x2  
  77  6:56  Combat Shield  
  77  6:59  Marine x3, Medivac, SCV x2  
  77  7:00  SCV  
  85  7:05  Supply Depot x2  
  85  7:07  Marine x2  
  87  7:12  SCV x3  
  87  7:15  Armory  
  90  7:17  Refinery, Marine x2  
  90  7:19  Marine  
  93  7:24  Marine, SCV x3  
  93  7:25  Marine  
  93  7:28  Supply Depot  
  98  7:30  Siege Tank  
  98  7:32  Medivac  
  98  7:33  Marine x3  
  98  7:35  Marine  
  98  7:36  SCV x2  
  110  7:37  Marine, SCV  
  110  7:41  Marine x2  
  110  7:52  SCV x3  
  110  7:54  Marine x3  
  116  8:02  Siege Tank  
  105  8:14  Command Center  
  105  8:18  Marine x7  
  106  8:28  Factory, SCV x2  
  103  8:34  Marine x2  
  103  8:41  Marine  
  103  8:42  Marine x6  
  103  8:43  Siege Tank  
  103  8:45  Medivac  
  103  8:46  Medivac  
  117  8:49  SCV x3  
  117  8:52  Marine x2  
  118  8:59  Marine x3  
  118  9:00  Marine x2  
  118  9:01  Marine x2  
  122  9:10  Marine x2  
  122  9:12  Factory Reactor  
  122  9:15  Medivac x2  
  126  9:17  Marine x3  
  126  9:18  Marine x3  
  126  9:23  Marine  
  130  9:27  Marine  
  130  9:28  Marine  
  130  9:30  Widow Mine  
  127  9:35  Marine x4  
  127  9:36  Marine x2  
  127  9:40  Marine  
  123  9:47  Command Center  
  123  9:48  Command Center  
Show
View Real Time Build Order
Export as new Build Order

TSGSolar Zerg 

Build Orders: Hatch First 

Get SALT Encoding   

  12  0:02  Drone  
  13  0:12  Overlord  
  13  0:17  Drone  
  14  0:31  Drone x2  
  16  0:47  Hatchery  
  15  0:51  Drone  
  15  0:54  Drone  
  17  0:58  Drone  
  18  1:08  Extractor  
  17  1:13  Spawning Pool  
  17  1:16  Drone  
  18  1:20  Drone  
  19  2:00  Queen x2  
  23  2:01  Zergling x8  
  27  2:12  Zergling x2  
  27  2:13  Overlord  
  27  2:15  Extractor  
  27  2:22  Drone  
  27  2:24  Drone  
  24  2:31  Drone  
  24  2:36  Drone  
  24  2:46  Drone  
  25  2:53  Queen  
  25  2:58  Drone  
  28  3:00  Drone  
  28  3:05  Drone  
  30  3:10  Drone x2  
  32  3:16  Metabolic Boost  
  31  3:25  Drone  
  30  3:27  Drone  
  29  3:35  Drone  
  29  3:37  Drone  
  31  3:42  Drone  
  31  3:46  Overlord  
  32  3:52  Drone x2  
  32  3:54  Drone  
  35  3:57  Drone  
  36  4:05  Drone x3  
  36  4:09  Drone  
  40  4:12  Drone  
  40  4:13  Drone  
  40  4:15  Drone  
  40  4:16  Drone  
  43  4:25  Overlord  
  43  4:32  Hatchery  
  43  4:35  Drone x2  
  43  4:37  Spore Crawler  
  42  4:38  Drone  
  42  4:44  Queen  
  42  4:45  Drone  
  47  4:49  Drone  
  47  4:51  Drone x2  
  47  4:52  Zergling x2  
  51  4:55  Overlord  
  51  4:57  Overlord  
  52  5:00  Drone  
  52  5:03  Overlord  
  52  5:09  Overlord  
  52  5:12  Spore Crawler, Drone  
  52  5:14  Drone x2  
  52  5:19  Drone x2  
  56  5:21  Evolution Chamber  
  56  5:23  Evolution Chamber  
  56  5:24  Extractor, Drone  
  56  5:25  Drone  
  56  5:26  Zergling x2  
  55  5:31  Zergling x2  
  56  5:37  Zergling x2  
  52  5:42  Drone  
  52  5:44  Drone  
  52  5:47  Drone  
  52  5:49  Drone  
  49  5:51  Drone x4  
  49  5:55  Drone x3  
  56  5:57  Drone  
  56  6:01  Queen  
  56  6:02  Drone  
  60  6:08  Zerg Ground Armor Level 1  
  60  6:09  Drone  
  62  6:11  Drone  
  62  6:13  Zerg Melee Weapons Level 1  
  62  6:16  Drone x2  
  64  6:19  Overlord  
  64  6:24  Drone  
  65  6:27  Drone  
  65  6:29  Drone x4  
  65  6:30  Drone  
  65  6:32  Lair  
  71  6:33  Drone x2  
  71  6:36  Overlord  
  71  6:39  Drone, Baneling Nest  
  73  6:41  Extractor  
  73  6:42  Drone  
  73  6:43  Extractor, Drone  
  73  6:44  Drone  
  73  6:46  Zergling x2  
  75  6:49  Drone  
  75  6:53  Zergling x2  
  77  6:55  Overlord  
  77  6:56  Zergling x6  
  77  6:59  Zergling x2  
  81  7:05  Zergling x8  
  81  7:08  Queen  
  85  7:11  Drone x4  
  91  7:16  Overlord  
  91  7:17  Zergling x2, Drone  
  91  7:19  Hatchery  
  91  7:22  Baneling x2  
  91  7:23  Baneling x8  
  91  7:24  Zergling x2  
  91  7:27  Overlord  
  91  7:28  Zergling x2  
  93  7:35  Centrifical Hooks  
  94  7:37  Zergling x4  
  94  7:39  Pneumatized Carapace  
  94  7:40  Zergling x8  
  99  7:46  Zergling x6  
  99  7:51  Zergling x10  
  100  8:00  Drone  
  96  8:06  Zergling x4  
  96  8:12  Zergling x8  
  97  8:16  Zergling x2  
  93  8:20  Baneling x2  
  93  8:21  Hatchery, Baneling x2  
  93  8:22  Zergling x4  
  93  8:24  Zergling x6  
  95  8:27  Zergling x8  
  95  8:31  Zergling x4  
  95  8:34  Queen  
  96  8:37  Drone x2  
  96  8:38  Drone  
  96  8:39  Zergling x2, Infestation Pit  
  96  8:40  Zergling x2  
  96  8:43  Zergling x4  
  96  8:44  Baneling  
  96  8:46  Zergling x4  
  96  8:47  Baneling  
  95  8:52  Zergling x2, Queen x3  
  95  8:54  Zergling x2  
  95  8:55  Zergling x2  
  94  8:56  Zergling x2  
  94  8:59  Zergling x6  
  96  9:06  Zergling x10  
  96  9:07  Baneling x7  
  96  9:09  Drone x2  
  100  9:13  Baneling x6  
  100  9:15  Zergling x2  
  99  9:17  Zergling x2  
  99  9:22  Zergling x10  
  100  9:27  Zergling x2  
  100  9:28  Zergling x2  
  96  9:32  Zergling x2  
  96  9:36  Zergling x4  
  98  9:38  Baneling x2  
  98  9:39  Baneling  
  98  9:40  Zergling x6  
  98  9:42  Zergling x2  
  98  9:43  Zergling x4  
  100  9:45  Zergling x4  
  100  9:47  Drone  
Tags
 
Add a new tag
Caveats
  • Supply blocks, unpowered buildings, or Contaminate may cause inaccurate times.
  • Supply counts are checked every 10 seconds.